 Dungeon Crawl Stone Soup version 0.29.0-10-g45618ea6d2 (webtiles) character file.

Game seed: 14943178688724109176

5 nickcage the Cudgeller (level 1, 0/18 HPs)
             Began as a Minotaur Gladiator on Sept 1, 2022.
             Slain by a ball python (1 damage)
             ... on level 1 of the Dungeon.
             The game lasted 00:00:13 (28 turns).

nickcage the Cudgeller (Minotaur Gladiator)           Turns: 28, Time: 00:00:14

Health: 0/18       AC:  3    Str: 18    XL:     1   Next: 66%
Magic:  0/0        EV: 12    Int:  5    God:
Gold:   0          SH:  0    Dex: 11    Spells: 0/0 levels left

rFire   . . .      SeeInvis .   a - +0 flail
rCold   . . .      Faith    .   (no shield)
rNeg    . . .      Spirit   .   b - +0 leather armour
rPois   .          Reflect  .   c - +0 hat
rElec   .          Harm     .   (no cloak)
rCorr   .          Rampage  .   (no gloves)
Will    .....                   (no boots)
Stlth   +.........              (no amulet)
HPRegen 0.06/turn               (no ring)
MPRegen 0.07/turn               (no ring)

@: no status effects
A: horns 2, retaliatory headbutt
a: no special abilities


You were on level 1 of the Dungeon.
You visited 1 branch of the dungeon, and saw 1 of its levels.

Inventory:

Hand Weapons
 a - a +0 flail (weapon)
Missiles
 d - 3 throwing nets (quivered)
 e - a javelin
Armour
 b - a +0 leather armour (worn)
 c - a +0 hat (worn)
Scrolls
 f - a scroll of teleportation {unknown}


   Skills:
 - Level 2.4 Fighting
 + Level 4.1 Maces & Flails
 - Level 2.0 Throwing
 - Level 3.2 Dodging


You couldn't memorise any spells.
You didn't know any spells.
Your spell library was empty.

Dungeon Overview and Level Annotations

Branches:
Dungeon (1/15)

Altars:


Innate Abilities, Weirdness & Mutations

You have a pair of horns on your head.
You reflexively headbutt those who attack you in melee.


Message History

A ball python comes into view.
The jackal completely misses you. You furiously retaliate!
You headbutt the jackal.
You kill the jackal!
The jackal bites you but does no damage.
The ball python hisses angrily.
You sock the jackal!
You kill the jackal!
The jackal bites you.
You closely miss the jackal. The jackal barely misses you.
You furiously retaliate!
You headbutt the jackal.
You kill the jackal!
Your Maces & Flails skill increases to level 4!
You barely miss the kobold. The kobold hits you but does no damage.
You barely miss the kobold. Your headbutt misses the kobold.
The goblin hits you but does no damage. The kobold closely misses you.
The goblin closely misses you. The kobold hits you with a +0 club.
The kobold hits you with a +0 dagger.
You are too injured to fight recklessly!
You are too injured to fight recklessly!
You are too injured to fight recklessly!
The kobold attacks as you move away! The kobold closely misses you.
The goblin attacks as you move away! The goblin hits you with a +0 club.
You are too injured to fight recklessly!
You are too injured to fight recklessly!
You are too injured to fight recklessly!
You are too injured to fight recklessly!
You are too injured to fight recklessly!
You barely miss the kobold. Your headbutt misses the kobold.
The kobold hits you with a +0 club.
* * * LOW HITPOINT WARNING * * *
The goblin barely misses you.
You sock the goblin!
You kill the goblin!
The kobold hits you with a +0 club.
* * * LOW HITPOINT WARNING * * *
You hit the kobold.
The kobold is heavily wounded.
The ball python bites you.
You die...

+......+
#......#
..+......#
#.#......#
#.#......#
#.#..††..#
#.##K.####
#..KS....#
#..@###..#
#...# ..#
##...## .#
#.....##
..
###....#
$.
##.....#
...
#......#
###..###
###..#.#


You could see a ball python and 2 kobolds.

Vanquished Creatures
  A goblin (D:1)
  3 jackals (D:1)
4 creatures vanquished.

Notes
Turn   | Place    | Note
-------+----------+-------------------------------------------
     0 | D:1      | nickcage the Minotaur Gladiator began the quest for the
                  | Orb.
     0 | D:1      | Reached XP level 1. HP: 18/18 MP: 0/0
    22 | D:1      | Reached skill level 4 in Maces & Flails
    28 | D:1      | Slain by a ball python

Illustrated notes

Levels and vault maps discovered:
D:1:      minmay_arrival_jagged, layout_basic,
          dreamdust_ecumenical_altar_drowned_temple, minivault_11,
          minmay_tromino_i4

Skill      XL: |  1 |
---------------+----+-----
Maces & Flails | 4 |  4.1
Fighting       | |  2.4
Throwing       | |  2.0
Dodging        | |  3.2

Action                   || total
-------------------------++-------
Melee: Flail             ||     8
Armor: Leather armour    ||     4
Dodge: Dodged            ||     6
